 Dungeon Crawl Stone Soup version 0.14.1 (webtiles) character file.

83 4tharraofdagon the Practitioner (level 2, 0/24 HPs)
             Began as a Deep Dwarf Healer on Apr 29, 2014.
             Was a Believer of Elyvilon.
             Slain by a worker ant (3 damage)
             ... on Level 5 of the Dungeon.
             The game lasted 00:04:04 (552 turns).

4tharraofdagon the Practitioner (Deep Dwarf Healer)  Turns: 552, Time: 00:04:04

HP   0/24        AC  5     Str 15      XL: 2   Next: 10%
MP   1/4         EV  9     Int 12      God: Elyvilon [**....]
Gold 73          SH  0     Dex 12      Spells:  0 memorised,  1 level left

rFire  . . .     SeeInvis .     (no weapon)
rCold  . . .     Clarity  .     n - +0 ring mail
rNeg   . . .     Conserve .     (no shield)
rPois  .         rCorr    .     (no helmet)
rElec  .         rRot     .     (no cloak)
SustAb . .       Spirit   .     (no gloves)
rMut   .         Warding  .     (no boots)
Saprov . . .     Stasis   .     (no amulet)
MR     .....                    (no ring)
                                (no ring)

@: non-regenerating, not resistant to hostile enchantments, extremely unstealthy
A: damage resistance, recharge devices, sense surroundings 1, slow healing 3
a: Device Recharging, Lesser Healing, Lesser Self-Healing, Divine Protection,
Purification, Renounce Religion


You were on level 5 of the Dungeon.
You worshipped Elyvilon.
Elyvilon was pleased with you.
You were not hungry.

You visited 1 branch of the dungeon, and saw 5 of its levels.

You collected 73 gold pieces.

Inventory:

Missiles
 k - 5 javelins (quivered)
 o - 17 poisoned needles
Armour
 a - a +1 robe
 n - a +0 ring mail (worn)
Magical devices
 d - a wand of heal wounds (4)
Comestibles
 f - 2 bread rations
 q - a meat ration
Scrolls
 e - 2 scrolls of remove curse {unknown}
 h - a scroll of fear {unknown}
 i - 3 scrolls of recharging {unknown}
 j - 4 scrolls of blinking {unknown}
 l - a scroll of identify {unknown}
 p - a scroll of enchant weapon II {unknown}
Jewellery
 r - an uncursed ring of fire
Potions
 b - 3 potions of curing
 c - 2 potions of heal wounds


   Skills:
 - Level 0.8 Fighting
 - Level 2.1 Dodging
 * Level 4.5 Invocations


You had one spell level left.
You didn't know any spells.

Dungeon Overview and Level Annotations

Branches:
Dungeon (5/15)
 Temple: D:4-7

Altars:


Innate Abilities, Weirdness & Mutations

You are resistant to damage.
You can recharge devices by infusing magical energy.
You passively map a small area around you.
You do not heal naturally.


Message History

The hound bites you.
Found a leather armour.
Unknown command.
A gnoll comes into view. It is wielding a club.
The worker ant barely misses you.
Unknown command.
Use which ability? (? or * to list)
Press: ? - help, Dir - move target cursor, f - worker ant, p - hound Heal: a worker ant (mindless)
You cannot pacify this monster!
Number of times to repeat, then command key: You must enter the number of times for the command to repeat.
Unknown command.
Use which ability? (? or * to list)
Press: ? - help, Dir - move target cursor, f/p - worker ant Heal: a worker ant (mindless)
You cannot pacify this monster!
Unknown command.
The worker ant bites you.
You die...

#........# #.# *
#........# #.# ,, ,
#........# #.# * ,
##........# #.# , *
...........># #.# ,
.##########.####.#
,### ,
#......g..#.#, g...
, #.......z.#.#
...# *
#.........#@#..[.#
, *
#........la......#
,
.#####.##.#......#,
, #.##.#...$.... ,
#!##.#.####### ,
#.##.#.. , , .
#.... * , ** ###.#.
, * ,..#. , ,


You could see a worker ant and a giant newt.

Vanquished Creatures
  A hobgoblin (D:4)
1 creature vanquished.

Vanquished Creatures (others)
  2 goblins
  3 jackals (D:3)
5 creatures vanquished.

Grand Total: 6 creatures vanquished

Notes
Turn   | Place    | Note
--------------------------------------------------------------
     0 | D:1      | 4tharraofdagon, the Deep Dwarf Healer, began the quest for the Orb.
     0 | D:1      | Reached XP level 1. HP: 16/16 MP: 2/2
   264 | D:2      | Reached skill level 4 in Invocations
   311 | D:2      | You fall through a shaft!
   390 | D:3      | Reached XP level 2. HP: 18/24 MP: 2/4
   488 | D:4      | HP: 1/24 [hobgoblin/club (2)]
   526 | D:5      | Entered Level 5 of the Dungeon
   552 | D:5      | Slain by a worker ant

Action                   || total
-------------------------++-------
Melee: Unarmed           ||    50
Throw: Javelin           ||     6
Invok: Lesser Healing    ||    33
Evoke: Wand              ||     1
